 Dungeon Crawl Stone Soup version 0.31-a0-177-g4aa6249778 (webtiles) character file.

Game seed: 15573261158887271440

273 qw the Shooter (level 6, -1/56 HPs)
             Began as a Naga Hunter on June 18, 2023.
             Slain by a phantom (2 damage)
             ... on level 4 of the Dungeon.
             The game lasted 00:00:59 (2981 turns).

qw the Shooter (Naga Hunter)                        Turns: 2981, Time: 00:01:00

Health: -1/56      AC:  5    Str: 13    XL:     6   Next: 23%
Magic:  6/6        EV:  9    Int:  9    God:
Gold:   144        SH:  0    Dex: 17    Spells: 5/5 levels left

rFire   . . .        Y - +2 shortbow
rCold   . . .        (shield currently unavailable)
rNeg    + . .        c - +0 leather armour
rPois   +            i - +0 helmet
rElec   .            j - +0 cloak
rCorr   .            (no gloves)
SInv    +            (no barding)
Will    .....        (no amulet)
Stlth   ++           g - ring of positive energy
HPRegen 0.29/turn    (no ring)
MPRegen 0.10/turn

%: no passive effects
@: short of breath, very slow
A: AC +2, large, see invisible, deformed body, poison resistance, slowness 2,
spit poison 1, naga tail 1
a: Spit Poison


You were on level 4 of the Dungeon.
You visited 1 branch of the dungeon, and saw 4 of its levels.

You collected 144 gold pieces.


Innate Abilities, Weirdness & Mutations

Your serpentine skin is tough. (AC +2)
You have supernaturally acute eyesight. (SInv)
Armour fits poorly on your strangely shaped body.
Your system is resistant to poisons. (rPois)
You cover ground very slowly.
You can spit poison.
You have a snake-like lower body.


   Skills:
 + Level 3.0 Fighting
 - Level 6.3 Ranged Weapons
 - Level 1.5 Dodging
 - Level 1.5 Stealth


You had 5 spell levels left.
You didn't know any spells.
Your spell library was empty.

Inventory:

Hand Weapons
 Y - a +2 shortbow (weapon)
Armour
 c - a +0 leather armour (worn)
 i - a +0 helmet (worn)
 j - a +0 cloak (worn)
 k - a +2 robe
Jewellery
 g - a ring of positive energy (left hand)
Scrolls
 a - a scroll of identify
Potions
 b - a potion of resistance {unknown}
 d - a potion of haste
 e - a potion of might
 f - a potion of curing
 h - a potion of attraction {unknown}

Dungeon Overview and Level Annotations

Branches:
Dungeon (4/15)             Temple (0/1) D:4

Altars:
Fedhas
Ru

Annotations:
D:2 1 runed translucent door, Crazy Yiuf
D:4 Ijyb


Message History

You shoot an arrow. The arrow hits the phantom!
The phantom is moderately damaged.
The orc throws a boomerang.
The boomerang hits you.
You shoot an arrow.
The arrow hits the phantom but does no damage.
The phantom is moderately damaged.
The phantom hits you but does no damage.
You shoot an arrow. The orc priest shouts!
The arrow hits the phantom.
The phantom is heavily damaged.
The phantom hits you.
The phantom blinks!
You blink.
A kobold comes into view. It is wielding a +0 dagger.
Found 6 poisoned darts.
You shoot an arrow. The arrow hits the phantom.
The phantom is heavily damaged.
You have got your breath back.
The kobold shouts!
You hear a shout!
The phantom hits you.
2977 ||| INVOKING Spit Poison.
Aiming: Spit Poison (1% risk of failure)
Press: ? - help, Shift-Dir - straight line, f - kobold, p - phantom The splash of poison misses the kobold.
A hobgoblin comes into view.
The phantom hits you.
The phantom blinks!
You blink.
The kobold throws a stone.
The stone hits you but does no damage.
You shoot an arrow. The arrow barely misses the phantom.
The orc throws a boomerang.
The boomerang hits you. The phantom hits you.
The phantom blinks!
You blink.
You shoot an arrow. The arrow hits the phantom.
The phantom is severely damaged.
The phantom barely misses you.
You shoot an arrow. The arrow hits the phantom!
The phantom is almost destroyed.
The orc throws a boomerang.
The boomerang barely misses you. The phantom hits you.
The kobold hits you with a +0 dagger.
You shoot an arrow. The arrow closely misses the phantom.
The arrow barely misses the hobgoblin.
The phantom hits you.
You die...

# .# ####### ..#
#.....##..####
#.....@Wg.....
#......K.....).#
#.....B........#
#.........$?...###.
#..................
#.......o.........#
#(......o........#.
####.....g.........
#...............


You could see a phantom, Ijyb, 2 orcs, a giant cockroach, a hobgoblin and a
kobold.

Vanquished Creatures
  Blork the orc (D:4)
  A hound (D:3)
  Jessica (D:3)
  Natasha (thrice) (D:2)
  2 adders (D:3)
  A worm (D:3)
  A dart slug (D:3)
  2 orcs (D:3)
  4 endoplasms
  A giant cockroach (D:3)
  3 hobgoblins
  A jackal (D:3)
  4 quokkas (D:2)
  3 ball pythons
  8 bats
  4 frilled lizards
  3 goblins
  4 kobolds
  7 rats
54 creatures vanquished.

Notes
Turn   | Place    | Note
-------+----------+-------------------------------------------
     0 | D:1      | qw the Naga Hunter began the quest for the Orb.
     0 | D:1      | Reached XP level 1. HP: 19/19 MP: 1/1
     0 | D:1      | 0 ||| qw: Version: 0.3-a-5-g6f28e65
     0 | D:1      | 0 ||| qw: Game counter: 632
     0 | D:1      | 0 ||| qw: Always use a shield: true
     0 | D:1      | 0 ||| qw: God list: Okawaru
     0 | D:1      | 0 ||| qw: Allow faded altars: false
     0 | D:1      | 0 ||| qw: Do Orc after D:15 true
     0 | D:1      | 0 ||| qw: Do second Lair branch before Depths: true
     0 | D:1      | 0 ||| qw: Lair rune preference: random
     0 | D:1      | 0 ||| qw: Plans: Normal
     0 | D:1      | 0 ||| PLANNING D:1-11
   355 | D:1      | 355 ||| INVOKING Spit Poison.
   385 | D:1      | 385 ||| INVOKING Spit Poison.
   715 | D:1      | 715 ||| INVOKING Spit Poison.
   833 | D:1      | 833 ||| UPGRADING to ring of positive energy.
   834 | D:1      | 834 ||| READING 3 scrolls labelled ODOCIPLOFAE.
   835 | D:1      | 835 ||| READING scroll labelled QUYCURPH NULEI.
   836 | D:1      | 836 ||| READING 2 scrolls labelled FIUTAP SIXZISM.
   837 | D:1      | 837 ||| READING 2 scrolls labelled GUKOPHA ZACO.
   838 | D:1      | 838 ||| READING scroll of enchant weapon.
   838 | D:1      | 838 ||| ENCHANTING +1 shortbow.
   839 | D:1      | 839 ||| READING scroll labelled FADATAA WOVOZO.
   843 | D:1      | 843 ||| READING scroll labelled QUROPLEROGG.
   844 | D:1      | 844 ||| DRINKING 2 glowing amethyst potions.
   845 | D:1      | 845 ||| DROPPING scroll of butterflies.
   846 | D:1      | 846 ||| DROPPING scroll of revelation.
   887 | D:2      | 887 ||| INVOKING Spit Poison.
   899 | D:2      | Noticed Natasha
   902 | D:2      | 902 ||| INVOKING Spit Poison.
   904 | D:2      | Noticed a cerulean imp
   905 | D:2      | Noticed a cerulean imp
   907 | D:2      | Killed Natasha
   908 | D:2      | Reached skill level 4 in Ranged Weapons
   908 | D:2      | Reached XP level 2. HP: 17/26 MP: 2/2
   908 | D:2      | Reached XP level 3. HP: 21/32 MP: 3/3
  1164 | D:2      | 1164 ||| INVOKING Spit Poison.
  1169 | D:2      | 1169 ||| INVOKING Spit Poison.
  1237 | D:2      | 1237 ||| INVOKING Spit Poison.
  1246 | D:2      | 1246 ||| INVOKING Spit Poison.
  1250 | D:2      | 1250 ||| INVOKING Spit Poison.
  1307 | D:2      | 1307 ||| INVOKING Spit Poison.
  1312 | D:2      | 1312 ||| INVOKING Spit Poison.
  1345 | D:2      | Found a runed translucent door.
  1346 | D:2      | Noticed Crazy Yiuf
  1366 | D:2      | 1366 ||| INVOKING Spit Poison.
  1454 | D:2      | 1454 ||| INVOKING Spit Poison.
  1455 | D:2      | 1455 ||| INVOKING Spit Poison.
  1539 | D:2      | 1539 ||| INVOKING Spit Poison.
  1664 | D:2      | 1664 ||| INVOKING Spit Poison.
  1666 | D:2      | Noticed Natasha
  1667 | D:2      | 1667 ||| Stepping ~*~*~tactically~*~*~ (outnumbered).
  1669 | D:2      | 1669 ||| Stepping ~*~*~tactically~*~*~ (outnumbered).
  1670 | D:2      | 1670 ||| INVOKING Spit Poison.
  1683 | D:2      | 1683 ||| Stepping ~*~*~tactically~*~*~ (outnumbered).
  1684 | D:2      | 1684 ||| INVOKING Spit Poison.
  1685 | D:2      | HP: 3/32 [Natasha/magic dart (9)]
  1686 | D:2      | 1686 ||| DRINKING potion of heal wounds.
  1688 | D:2      | 1688 ||| INVOKING Spit Poison.
  1690 | D:2      | Killed Natasha
  1691 | D:2      | Reached skill level 5 in Ranged Weapons
  1691 | D:2      | Reached XP level 4. HP: 18/39 MP: 4/4
  1785 | D:2      | 1785 ||| INVOKING Spit Poison.
  1824 | D:2      | Found a sacrificial altar of Ru.
  1916 | D:2      | Noticed Natasha
  1918 | D:2      | 1918 ||| INVOKING Spit Poison.
  1921 | D:2      | Killed Natasha
  2109 | D:2      | 2109 ||| UPGRADING to +0 helmet.
  2114 | D:2      | 2114 ||| DROPPING ring of magical power.
  2115 | D:2      | 2115 ||| READING scroll labelled SIDDYS ETOY.
  2116 | D:2      | 2116 ||| READING 4 scrolls of identify.
  2116 | D:2      | 2116 ||| IDENTIFYING golden potion
  2117 | D:2      | 2117 ||| READING 3 scrolls of identify.
  2117 | D:2      | 2117 ||| IDENTIFYING white potion
  2118 | D:2      | 2118 ||| READING 2 scrolls of identify.
  2118 | D:2      | 2118 ||| IDENTIFYING grey potion
  2119 | D:2      | 2119 ||| DROPPING potion of brilliance.
  2174 | D:3      | 2174 ||| INVOKING Spit Poison.
  2179 | D:3      | 2179 ||| INVOKING Spit Poison.
  2184 | D:3      | 2184 ||| INVOKING Spit Poison.
  2186 | D:3      | Reached skill level 3 in Fighting
  2255 | D:3      | 2255 ||| INVOKING Spit Poison.
  2257 | D:3      | Reached XP level 5. HP: 49/49 MP: 5/5
  2269 | D:3      | 2269 ||| DRINKING 2 orange potions.
  2285 | D:3      | 2285 ||| INVOKING Spit Poison.
  2326 | D:3      | Found a blossoming altar of Fedhas.
  2357 | D:3      | 2357 ||| INVOKING Spit Poison.
  2365 | D:3      | 2365 ||| UPGRADING to +0 cloak.
  2371 | D:3      | 2371 ||| INVOKING Spit Poison.
  2372 | D:3      | 2372 ||| INVOKING Spit Poison.
  2389 | D:3      | 2389 ||| INVOKING Spit Poison.
  2435 | D:3      | 2435 ||| INVOKING Spit Poison.
  2466 | D:3      | 2466 ||| INVOKING Spit Poison.
  2575 | D:3      | 2575 ||| INVOKING Spit Poison.
  2600 | D:3      | 2600 ||| INVOKING Spit Poison.
  2674 | D:3      | 2674 ||| INVOKING Spit Poison.
  2679 | D:3      | 2679 ||| INVOKING Spit Poison.
  2765 | D:3      | Noticed Jessica
  2767 | D:3      | 2767 ||| INVOKING Spit Poison.
  2767 | D:3      | Killed Jessica
  2809 | D:3      | 2809 ||| INVOKING Spit Poison.
  2846 | D:3      | 2846 ||| READING 3 scrolls labelled NEYPLE GUTOHY.
  2847 | D:3      | 2847 ||| DROPPING 2 scrolls of noise.
  2871 | D:4      | Noticed Blork the orc
  2872 | D:4      | 2872 ||| INVOKING Spit Poison.
  2877 | D:4      | 2877 ||| INVOKING Spit Poison.
  2881 | D:4      | 2881 ||| INVOKING Spit Poison.
  2881 | D:4      | Killed Blork the orc
  2882 | D:4      | Reached skill level 6 in Ranged Weapons
  2882 | D:4      | Reached XP level 6. HP: 34/56 MP: 6/6
  2964 | D:4      | Found a staircase to the Ecumenical Temple.
  2964 | D:4      | Noticed Ijyb
  2965 | D:4      | 2965 ||| PLANNING TEMPLE
  2967 | D:4      | 2967 ||| INVOKING Spit Poison.
  2967 | D:4      | HP: 13/56 [disintegration (10)]
  2968 | D:4      | 2968 ||| READING scroll of teleportation.
  2970 | D:4      | 2970 ||| INVOKING Spit Poison.
  2971 | D:4      | 2971 ||| Stepping ~*~*~tactically~*~*~ (outnumbered).
  2973 | D:4      | HP: 13/56 [orc/boomerang (2)]
  2977 | D:4      | 2977 ||| INVOKING Spit Poison.
  2978 | D:4      | HP: 7/56 [orc/boomerang (2)]
  2980 | D:4      | HP: 1/56 [kobold/+0 dagger (3)]
  2981 | D:4      | Slain by a phantom

Levels and vault maps discovered:
D:1:      tekkud_arrival_beachfront_property, layout_basic,
          serial_bayou_crossing
D:2:      minmay_general_purpose_star, layout_loops_cross, basic_altar,
          roderic_lattice_a, uniq_natasha, uniq_crazy_yiuf_cottage
D:3:      layout_basic, mainiacjoe_overflow_24_doors, serial_bayou,
          serial_bayou_pond_d, serial_bayou_pond_b, serial_bayou_pond_c,
          serial_bayou_shore_a, serial_bayou_lagoon_a, serial_bayou_pond_b,
          minmay_surrounded, uniq_jessica
D:4:      layout_rooms, minmay_temple_entry_wispy, minmay_manual_macuahuitl,
          uniq_ijyb, uniq_blork_the_orc

Skill      XL: |  1  2  3  4  5 |
---------------+----------------+-----
Ranged Weapons | 4 5 6 |  6.3
Fighting       | 3 |  3.0
Dodging        | |  1.5
Stealth        | |  1.5

Action                     |  1- 3 |  4- 6 || total
---------------------------+-------+-------++-------
   Fire: Shortbow          |    51 |    66 ||   117
Ability: Spit Poison       |    19 |    24 ||    43
    Use: Scroll            |     7 |     6 ||    13
         Potion            |     2 |     1 ||     3
 Armour: Leather armour    |    10 |     9 ||    19
  Dodge: Dodged            |    10 |    15 ||    25

Table legend:
 A = Non-vault XP
 B = Vault XP
 C = Vault XP percentage of total XP
 D = Non-vault monster count
 E = Vault monster count
 F = Vault count percentage of total count
                 A         B        C        D         E       F
            +---------+---------+-------+---------+---------+-------
      Total |     181 |     209 |  53.6 |      40 |      14 |  25.9
            +---------+---------+-------+---------+---------+-------
        D:1 |       5 |       0 |   0.0 |       4 |       0 |   0.0
        D:2 |      96 |      39 |  28.9 |      20 |       3 |  13.0
        D:3 |      78 |      70 |  47.3 |      15 |      10 |  40.0
        D:4 |       2 |     100 |  98.0 |       1 |       1 |  50.0
            +---------+---------+-------+---------+---------+-------
